 Dungeon Crawl Stone Soup version 0.26.1-11-gd32895ea62 (webtiles) character file.

Game seed: 2202407513393462955

13479 hawla the Destroyer (level 11, -8/70 HPs)
             Began as a Deep Elf Conjurer on May 15, 2021.
             Was a Believer of Vehumet.
             Killed from afar by a raiju (shapeshifter) (28 damage)
             ... with a living lightning
             ... on level 11 of the Dungeon on May 16, 2021.
             The game lasted 00:43:25 (15738 turns).

hawla the Destroyer (Deep Elf Conjurer)            Turns: 15738, Time: 00:43:26

Health: -8/70      AC: 16    Str:  4    XL:     11   Next: 76%
Magic:  25/27      EV: 13    Int: 27    God:    Vehumet [**....]
Gold:   767        SH:  0    Dex: 17    Spells: 20/27 levels left

rFire    + + .     SeeInvis .   w - +6 quarterstaff (chaos)
rCold    . . .     Faith    .   (shield currently unavailable)
rNeg     . . .     Spirit   .   K - +1 robe {rC+ rF+}
rPois    .         Reflect  .   R - +2 hat
rElec    .         Harm     .   x - +1 cloak
rCorr    .         Rampage  .   f - +2 pair of gloves
Will     +....                  (no boots)
Stlth    +++.......             q - amulet of magic regeneration
HPRegen  0.21/turn              v - ring "Ysheam" {Fire Dex+4}
MPRegen  0.45/turn              F - +4 ring of protection (curse)

@: about to teleport
A: slimy green scales 1, high mp 1, mutation resistance 1, robust 1
a: Renounce Religion


You were on level 11 of the Dungeon.
You worshipped Vehumet.
Vehumet was pleased with you.
You visited 2 branches of the dungeon, and saw 12 of its levels.

You collected 767 gold pieces.

Inventory:

Hand Weapons
 w - a +6 quarterstaff of chaos (weapon)
Missiles
 b - 89 poisoned darts
 g - 7 silver javelins
 h - 20 boomerangs
 I - 4 atropa-tipped darts
 M - 3 silver boomerangs (quivered)
Armour
 a - a +0 buckler
 f - a +2 pair of gloves (worn)
 x - a +1 cloak (worn)
 G - a +2 robe of willpower
 K - a +1 robe of resistance (worn)
 R - a +2 hat (worn)
Jewellery
 e - an uncursed ring of protection from fire
 q - an amulet of magic regeneration (around neck)
 v - the ring "Ysheam" (left hand) {Fire Dex+4}
   (You found it on level 6 of the Dungeon)

   [ring of fire]

   It enhances your fire magic.
   It affects your dexterity (+4).
   It protects you from fire.
   It makes you vulnerable to cold.
 B - an uncursed amulet of regeneration
 E - an uncursed ring of flight
 F - a cursed +4 ring of protection (right hand)
Wands
 i - a wand of iceblast (9)
 t - a wand of digging (12)
 y - a wand of flame (17)
 D - a wand of paralysis (9)
 H - a wand of acid (5)
 Q - a wand of enslavement (20)
Scrolls
 k - 4 scrolls of magic mapping
 o - 4 scrolls of teleportation
 p - a scroll of amnesia
 r - 3 scrolls of remove curse
 J - a scroll of immolation {unknown}
 N - a scroll of summoning {unknown}
Potions
 d - 2 potions of haste
 l - a potion of resistance
 s - 2 potions of brilliance
 u - a potion of flight
 z - 5 potions of ambrosia
 A - 3 potions of curing
 C - a potion of cancellation
 O - a potion of magic


   Skills:
 + Level 5.3 Fighting
 + Level 3.7 Staves
 - Level 1.0 Throwing
 - Level 3.0 Dodging
 - Level 4.0 Stealth
 + Level 1.9 Shields
 + Level 8.5 Spellcasting
 + Level 13.1 Conjurations
 - Level 7.0 Translocations
 + Level 9.3 Fire Magic
 - Level 1.0 Evocations


You had 20 spell levels left.
You knew the following spells:

 Your Spells              Type           Power        Failure   Level
a - Magic Dart            Conj           100%         1%          1
b - Searing Ray           Conj           100%         1%          2
c - Iskenderun's Mystic   Conj/Tloc      60%          1%          4

Your spell library contained the following spells:

 Spells                   Type           Power        Failure   Level
 Static Discharge         Conj/Air       47%          1%          3
 Apportation              Tloc           98%          1%          1
 Blink                    Tloc           N/A          1%          2
 Conjure Flame            Conj/Fire      83%          1%          3
 Dazzling Flash           Conj/Hex       94%          1%          3
 Mephitic Cloud           Conj/Pois/Air  35%          2%          3
 Fulminant Prism          Conj/Hex       23%          3%          4
 Animate Skeleton         Necr           22%          4%          1
 Corona                   Hex            12%          4%          1
 Summon Small Mammal      Summ           44%          4%          1
 Call Imp                 Summ           11%          8%          2
 Slow                     Hex            11%          8%          2
 Call Canine Familiar     Summ           11%          16%         3
 Summon Guardian Golem    Hex/Summ       11%          16%         3
 Summon Ice Beast         Ice/Summ       11%          45%         4
 Summon Lightning Spire   Summ/Air       11%          45%         4


Dungeon Overview and Level Annotations

Branches:
Dungeon (11/15)            Temple (1/1) D:5            Lair (0/6) D:9
    Orc (0/2) D:9

Altars:
Cheibriados
Dithmenos
Elyvilon
Fedhas
Gozag
Hepliaklqana
Kikubaaqudgha
Makhleb
Nemelex Xobeh
Okawaru
Qazlal
Sif Muna
Trog
Vehumet
Wu Jian
Xom
Yredelemnul
Zin
The Shining One

Shops:
D:4 =

Annotations:
D:10 3 runed translucent doors, buriedalive's ghost, novice DECj


Innate Abilities, Weirdness & Mutations

You are partially covered in slimy green scales. (AC +2)
You have an increased reservoir of magic. (+10% MP)
You are somewhat resistant to further mutation.
You are robust. (+10% HP)


Message History

The living lightning hits you.
The raiju blinks!
Casting: Searing Ray (safe; 1% risk of failure)
Confirm with . or Enter, or press ? or * to list all spells.
Aiming: Searing Ray (safe; 1% risk of failure)
Press: ? - help, Shift-Dir - straight line, f/p - raiju
Aim: a raiju shaped shifter (severely wounded, poisoned, 26% to evade)
The searing ray hits the raiju.
The raiju is severely wounded. (Press . to maintain the ray.)
The raiju bursts into living lightning!
The living lightning hits you!!
The raiju blinks!
As you read the scroll of teleportation, it crumbles to dust.
You feel strangely unstable.
The raiju bursts into living lightning!
The living lightning hits you!
* * * LOW HITPOINT WARNING * * *
The raiju blinks!
The raiju bursts into living lightning!
The living lightning hits you!!
You die...

..........# ........
..... #......
#####....#
#....######........#
#....+....+.......
#....#....#......
#....#....#.ยง..#
#....#...##....#
#....#...#....@#
#....#...#.....#
#....'...#.)...#
#..(.#...#)....#
#....#...##(h).#
#....#....#(...#
#....#....'..).#
###....######........
.....................


You could see a raiju shaped shifter (poisoned).

Vanquished Creatures
  A hydra (D:9)
  A two-headed ogre (D:10)
  A tengu warrior (D:9)
  Pikel (D:6)
  An ugly thing (D:9)
  2 cyclopes (D:9)
  2 deep elf magi (D:10)
  The ghost of jlumianski the Grasshopper, a novice GnWr (D:6)
  3 trolls (D:9)
  Eustachio (D:5)
  8 yaks (D:10)
  A steam dragon (D:9)
  Edmund (D:6)
  Menkaure (D:6)
  A water moccasin (D:9)
  6 orc warriors
  A swamp drake (D:10)
  A black bear (D:6)
  5 ice beasts
  3 necrophages (D:7)
  6 ogres
  10 centaurs
  2 lemures (D:6)
  Blork the orc (D:4)
  2 big kobolds
  2 bullfrogs (D:7)
  A water moccasin zombie (D:10)
  A wyvern skeleton (D:6)
  A scorpion (D:2)
  11 killer bees
  14 wights
  2 vampire bats (D:7)
  A howler monkey (D:6)
  A crimson imp (D:10)
  3 bullfrog zombies
  5 hounds
  A gnoll shaman (D:7)
  3 jellies
  A bullfrog skeleton (D:4)
  4 orc priests
  An iron imp (D:10)
  Crazy Yiuf (D:6)
  Jessica (D:6)
  4 iguanas
  13 worker ants
  Ijyb (D:5)
  17 orc wizards
  2 centaur simulacra (D:6)
  A bullfrog simulacrum (D:6)
  2 hound zombies
  2 hound skeletons
  8 gnolls
  9 adders
  A shadow imp (D:7)
  2 white imps
  An ooze (D:5)
  2 adder skeletons
  An adder zombie (D:7)
  2 worm zombies (D:4)
  4 worms
  2 dart slugs (D:2)
  An adder simulacrum (D:6)
  4 leopard geckos
  64 orcs
  2 bat skeletons (D:7)
  5 bat zombies (D:7)
  2 giant cockroaches
  8 goblins
  9 hobgoblins
  20 jackals
  3 quokkas
  2 ball pythons
  7 bats
  8 frilled lizards
  A jackal simulacrum (D:6)
  A jackal zombie (D:4)
  11 kobolds
  A leopard gecko zombie (D:6)
  A quokka zombie (D:7)
  4 rats
  A rat zombie (D:4)
  5 bushes (D:7)
351 creatures vanquished.

Vanquished Creatures (others)
  A shadow imp (D:10)
  A bush (D:7)
  13 plants (D:7)
15 creatures vanquished.

Grand Total: 366 creatures vanquished

Notes
Turn   | Place    | Note
-------+----------+-------------------------------------------
     0 | D:1      | hawla the Deep Elf Conjurer began the quest for the Orb.
     0 | D:1      | Reached XP level 1. HP: 10/10 MP: 6/6
   144 | D:1      | Reached XP level 2. HP: 6/15 MP: 0/8
   147 | D:1      | Learned a level 2 spell: Searing Ray
   993 | D:1      | Reached XP level 3. HP: 18/20 MP: 4/9
  1234 | D:2      | Found a basalt altar of Yredelemnul.
  1377 | D:2      | Reached skill level 1 in Translocations
  1418 | D:2      | Reached skill level 1 in Fire Magic
  1525 | D:2      | Reached XP level 4. HP: 24/24 MP: 0/11
  1567 | D:2      | Reached skill level 1 in Fighting
  2158 | D:2      | Reached skill level 5 in Conjurations
  2158 | D:2      | Reached XP level 5. HP: 26/29 MP: 2/13
  3574 | D:3      | Reached skill level 6 in Conjurations
  3574 | D:3      | Reached XP level 6. HP: 13/34 MP: 10/14
  3793 | D:3      | Found a burning altar of Makhleb.
  4166 | D:4      | Reached skill level 7 in Conjurations
  4215 | D:4      | Found Zaehashru's Jewellery Shoppe.
  4564 | D:4      | Noticed Blork the orc
  4676 | D:4      | Killed Blork the orc
  4677 | D:4      | Reached skill level 1 in Evocations
  4677 | D:4      | Reached XP level 7. HP: 38/38 MP: 6/15
  4877 | D:4      | Found an ornate altar of the Wu Jian Council.
  5279 | D:4      | Reached skill level 1 in Throwing
  5580 | D:5      | Entered Level 5 of the Dungeon
  5690 | D:5      | Learned a level 4 spell: Iskenderun's Mystic Blast
  6036 | D:5      | Reached skill level 5 in Spellcasting
  6039 | D:5      | Noticed Eustachio
  6051 | D:5      | Killed Eustachio
  6202 | D:5      | Noticed Ijyb
  6209 | D:5      | Killed Ijyb
  6210 | D:5      | Reached skill level 8 in Conjurations
  6212 | D:5      | Reached XP level 8. HP: 42/44 MP: 8/17
  6619 | D:5      | Reached skill level 5 in Translocations
  6878 | D:5      | Found a staircase to the Ecumenical Temple.
  7212 | Temple   | Entered the Ecumenical Temple
  7475 | D:6      | Found a runed translucent gate.
  7475 | D:6      | Found a runed translucent gate.
  7477 | D:6      | Found a runed translucent gate.
  7496 | D:6      | Noticed Pikel
  7600 | D:6      | Killed Pikel
  7601 | D:6      | Reached skill level 10 in Conjurations
  8104 | D:6      | Noticed Jessica
  8104 | D:6      | Killed Jessica
  8116 | D:6      | Found a sparkling altar of Nemelex Xobeh.
  8136 | D:6      | Reached XP level 9. HP: 28/49 MP: 14/19
  8284 | D:6      | Noticed jlumianski's ghost (novice GnWr)
  8302 | D:6      | Noticed Edmund
  8303 | D:6      | Noticed Menkaure
  8310 | D:6      | Killed Menkaure
  8319 | D:6      | Killed Edmund
  8566 | D:6      | Found a snail-covered altar of Cheibriados.
  9035 | D:6      | Found a runed translucent door.
  9036 | D:6      | Noticed Crazy Yiuf
  9184 | D:6      | Killed Crazy Yiuf
  9293 | D:7      | Reached skill level 11 in Conjurations
  9293 | D:7      | Reached skill level 5 in Fire Magic
  9548 | D:7      | Found a blossoming altar of Fedhas.
 10128 | D:7      | Found an ancient bone altar of Kikubaaqudgha.
 10806 | D:7      | Reached XP level 10. HP: 54/56 MP: 14/22
 11613 | D:8      | Found an iron altar of Okawaru.
 11613 | D:8      | Found a hazy altar of Hepliaklqana.
 11931 | D:9      | Noticed a cyclops
 11941 | D:9      | Killed a cyclops
 11994 | D:9      | Noticed a tengu warrior
 12001 | D:9      | Killed a tengu warrior
 12002 | D:9      | Reached skill level 12 in Conjurations
 12004 | D:9      | Got an ichor-stained great sword
 12004 | D:9      | Identified the +8 great sword "Wuatil" {vorpal, rN+ Dex+8}
                  | (You found it on level 9 of the Dungeon)
 12179 | D:9      | Noticed a cyclops
 12187 | D:9      | Killed a cyclops
 12485 | D:9      | Reached skill level 1 in Staves
 12612 | D:9      | Found a bloodstained altar of Trog.
 12623 | D:9      | Found a staircase to the Lair.
 12635 | D:9      | Found a radiant altar of Vehumet.
 12642 | D:9      | Became a worshipper of Vehumet
 12652 | D:9      | Found a staircase to the Orcish Mines.
 12728 | D:9      | Reached skill level 1 in Shields
 13039 | D:9      | Noticed a brown ugly thing
 13042 | D:9      | Noticed a six-headed hydra
 13055 | D:9      | Killed a brown ugly thing
 13074 | D:9      | Reached XP level 11. HP: 31/62 MP: 5/24
 13074 | D:9      | Killed a six-headed hydra
 13451 | D:10     | Entered Level 10 of the Dungeon
 13566 | D:10     | Reached * piety under Vehumet
 13566 | D:10     | Offered knowledge of Sandblast by Vehumet.
 13981 | D:10     | Reached skill level 5 in Fighting
 14135 | D:10     | Found a runed translucent gate.
 14135 | D:10     | Found a runed translucent gate.
 14135 | D:10     | Found a runed translucent gate.
 14138 | D:10     | Noticed a stone giant
 14148 | D:10     | Identified the ring of Ublif {rF+ Will+}
 14148 | D:10     | Noticed a tengu warrior
 14167 | D:10     | Noticed buriedalive's ghost (novice DECj)
 14199 | D:10     | Offered knowledge of Foxfire by Vehumet.
 14217 | D:10     | Noticed a two-headed ogre
 14226 | D:10     | Killed a two-headed ogre
 14227 | D:10     | Reached skill level 13 in Conjurations
 14334 | D:10     | Reached ** piety under Vehumet
 14772 | D:6      | Killed jlumianski's ghost
 14810 | D:6      | Got the ring "Ysheam" {Fire}
 14815 | D:6      | Identified the ring "Ysheam" {Fire Dex+4} (You found it on
                  | level 6 of the Dungeon)
 15008 | D:10     | Noticed a deep elf mage
 15057 | D:10     | Killed a deep elf mage
 15366 | D:10     | Noticed a deep elf mage
 15373 | D:10     | Killed a deep elf mage
 15625 | D:11     | Gained mutation: You are robust. (+10% HP) [potion of
                  | mutation]
 15625 | D:11     | Gained mutation: You are partially covered in slimy green
                  | scales. (AC +2) [potion of mutation]
 15625 | D:11     | Gained mutation: You have an increased reservoir of magic.
                  | (+10% MP) [potion of mutation]
 15625 | D:11     | Gained mutation: You are somewhat resistant to further
                  | mutation. [potion of mutation]
 15665 | D:11     | Offered knowledge of Static Discharge by Vehumet.
 15738 | D:11     | Killed from afar by a raiju (shapeshifter)

Illustrated notes

Levels and vault maps discovered:
D:1:      mainiacjoe_arrival_reflecting_pool, layout_rooms
D:2:      layout_rooms, general_overflow_altar
D:3:      layout_basic, lemuel_coloured_pillars_altar
D:4:      layout_basic, kennysheep_little_box, serial_shops, shop,
          enter_ossuary_3, serial_rivers, chequers_serial_rivers_micro_b,
          chequers_serial_rivers_small_a, chequers_serial_rivers_micro_b,
          chequers_serial_rivers_micro_d, minmay_ruptured, uniq_blork_the_orc
D:5:      layout_basic, temple_hall, uniq_ijyb, uniq_eustachio
D:6:      layout_loops_ring, lemuel_round_altar, gammafunk_ghost_icy,
          minmay_misc_feat_rows, nemelex_lonely_heart_becter, uniq_pikel,
          uniq_edmund, uniq_crazy_yiuf_cottage, uniq_menkaure
D:7:      layout_basic, kennysheep_vampire_church, fedhas_altar_decomposition
D:8:      layout_basic, grunt_temple_overflow_diamond,
          gammafunk_temple_overflow_wave, uniq_joseph
D:9:      minmay_the_grid_octo_tiled_squarecenter [minmay_the_grid_octo_horde,
          minmay_the_grid_octo_checkered, minmay_the_grid_octo_pinwheel,
          minmay_the_grid_octo_concentric,
          minmay_the_grid_square_5x5_megaprize_hollow,
          minmay_the_grid_square_5x5_two, minmay_the_grid_square_5x5_tri_point,
          minmay_the_grid_square_5x5_minimal,
          minmay_the_grid_square_5x5_checkered_sparse], layout_rooms,
          overflow_temple_1_default, lair_entry_dummy, basic_altar,
          wad_mini_maze
D:10:     layout_rooms, gammafunk_ghost_split, hangedman_minor_magic
D:11:     layout_gridville
Temple:   eino_temple_lava

Skill      XL: |  1  2  3  4  5  6  7  8  9 10 11 |
---------------+----------------------------------+-----
Dodging        | 3 |  3.0
Translocations | 1 2 3 4 5 6 7 |  7.0
Stealth        | 3 4 |  4.0
Fire Magic     | 1 2 3 5 8 9 |  9.3
Fighting       | 1 2 3 4 5 |  5.3
Spellcasting   | 4 5 6 7 8 |  8.5
Conjurations   | 5 6 7 8 10 11 12 13 | 13.1
Evocations     | 1 |  1.0
Throwing       | 1 |  1.0
Staves         | 2 3 |  3.7
Shields        | 1 |  1.9

Action                   |  1- 3 |  4- 6 |  7- 9 | 10-12 || total
-------------------------+-------+-------+-------+-------++-------
Melee: Unarmed           |    13 |    11 |       |       ||    24
       Short sword       |       |    36 |    70 |       ||   106
       Quarterstaff      |       |       |    60 |   135 ||   195
Throw: Boomerang         |       |       |       |     1 ||     1
 Cast: Magic Dart        |    24 |     4 |     1 |     7 ||    36
       Searing Ray       |    21 |    46 |    44 |    61 ||   172
       Iskenderun's Myst |       |       |    23 |    61 ||    84
Evoke: Wand              |       |     1 |       |     3 ||     4
  Use: Scroll            |     4 |     3 |     8 |    16 ||    31
       Potion            |       |     4 |     2 |     1 ||     7
 Stab: Sleeping          |       |       |     5 |     1 ||     6
       Petrifying        |       |       |       |     1 ||     1
Armor: Robe              |     4 |    28 |    65 |    98 ||   195
       Skin              |       |    10 |     1 |       ||    11
Dodge: Dodged            |    23 |    50 |   129 |   142 ||   344
